 Dungeon Sprint DCSS version 0.28-a0-239-g68911e0c57 (webtiles) character file.

Game seed: 9966120564838023850

5724 MikeHunt the Spry (level 10, -4/92 HPs)
             Began as a Merfolk Gladiator on Aug 23, 2021.
             Was a High Priest of Okawaru.
             Slain by a deep troll (11 damage)
             ... in the Dungeon (Sprint VII: "The Pits").
             The game lasted 00:08:48 (1927 turns).

MikeHunt the Spry (Merfolk Gladiator)               Turns: 1927, Time: 00:08:49

Health: -4/92      AC: 23    Str: 18    XL:     10   Next: 77%
Magic:  2/17       EV: 21    Int:  8    God:    Okawaru [*****.]
Gold:   0          SH:  7    Dex: 18    Spells: 9/9 levels left

rFire   . . .      SeeInvis .   n - +2 trident (vorpal)
rCold   . . .      Faith    .   i - +0 buckler
rNeg    . . .      Spirit   .   l - +4 chain mail
rPois   .          Reflect  .   c - +0 helmet
rElec   .          Harm     .   u - +0 cloak
rCorr   .          Rampage  .   t - +0 pair of gloves
Will    .....      NoTele   +   s - +0 pair of boots
Stlth   ..........              (no amulet)
HPRegen 0.25/turn               q - +3 ring of dexterity
MPRegen 0.15/turn               o - +3 ring of evasion

@: lethally poisoned (-4 -> -14), heroic, on berserk cooldown, hasted and slowed
A: (nimble swimmer 2), mertail
a: Renounce Religion, Heroism, Finesse, Duel


You were in the Dungeon.
You worshipped Okawaru.
Okawaru was extremely pleased with you.
You visited 1 branch

Inventory:

Hand Weapons
 k - a +2 trident
 n - a +2 vorpal trident (weapon)
Missiles
 d - 3 throwing nets (quivered)
 v - 8 atropa-tipped darts {god gift}
Armour
 c - a +0 helmet (worn)
 i - a +0 buckler (worn)
 l - a +4 chain mail (worn)
 m - a +3 ring mail of fire resistance
 s - a +0 pair of boots (worn)
 t - a +0 pair of gloves (worn)
 u - a +0 cloak (worn)
Jewellery
 o - a +3 ring of evasion (right hand)
 q - a +3 ring of dexterity (left hand)
Potions
 a - a potion of mutation
 f - 2 potions of heal wounds
 g - a potion of haste
 h - 4 potions of magic
 p - a potion of resistance
 r - a potion of brilliance


   Skills:
 + Level 13.2(18.2) Fighting
 - Level 14.0(19.0) Polearms
 - Level 2.0(7.0) Throwing
 + Level 9.1(14.1) Armour
 + Level 15.7(20.7) Dodging
 - Level 5.0(10.0) Shields
 - Level 10.0 Invocations


You had 9 spell levels left.
You didn't know any spells.
Your spell library was empty.

Dungeon Overview and Level Annotations

Branches:
Dungeon (1/1)

Altars:
Ashenzari
Cheibriados
Dithmenos
Elyvilon
Fedhas
Gozag
Hepliaklqana
Kikubaaqudgha
Makhleb
Nemelex Xobeh
Okawaru
Qazlal
Ru
Sif Muna
Trog
Uskayaw
Vehumet
Wu Jian
Xom
Yredelemnul
Zin
The Shining One
Beogh
Jiyva
Lugonu

Annotations:
D Sonja


Innate Abilities, Weirdness & Mutations

((You are quick and stealthy near water. (Stealth+, EV+, Speed+++)))
Your lower body shifts to a powerful aquatic tail in water.


Message History

You feel very sick.
You block the small abomination's attack.
Okay, then.
Unknown command.
You don't have enough magic at the moment.
You feel much better.
You feel very sick.
The small abomination hits you but does no damage.
The deep troll completely misses you.
The deep troll claws you but does no damage.
You block the deep troll's attack.
The orc priest calls down the wrath of Beogh upon you.
Beogh smites you!
* * * LOW HITPOINT WARNING * * *
Reach: n) +2 trident (vorpal)
Press: ? - help, Dir - move target, f - small abomination
Aim: a small abomination (almost destroyed, about 24% to evade your +2 vorpal trident)
You closely miss the small abomination.
The small abomination is almost destroyed.
You feel sick.
The small abomination hits you but does no damage.
The deep troll barely misses you. You block the deep troll's attack.
The deep troll completely misses you.
Reach: n) +2 trident (vorpal)
Press: ? - help, Dir - move target, f/p - small abomination
Aim: a small abomination (almost destroyed, about 24% to evade your +2 vorpal trident)
You hit the small abomination but do no damage.
The small abomination is almost destroyed.
You feel sick.
You block the small abomination's attack.
Reach: n) +2 trident (vorpal)
Press: ? - help, Dir - move target, f/p - small abomination
Aim: a small abomination (almost destroyed, about 24% to evade your +2 vorpal trident)
You puncture the small abomination!
You destroy the small abomination!
Okawaru accepts your kill.
You feel sick. The deep troll bites you.
* * * LOW HITPOINT WARNING * * *
The deep troll completely misses you. The deep troll claws you!
You die...

##......#..#......#
##................+
.'................+
##......#.)#......#
##........).......#
#####'#####''######
##.......##''###########
##.......##))(..).o..#...
##.......##.....@To..'...
##...<...##..#####...#####
##.......##..'...#†.......
##.......##..#...#........#
##.......##..#...#.#####..#
##########..#####)'...#..
###########......○.#...'..
....#....##........#...#..
....#...[###'###...#...#


You could see a deep troll, an orc priest and an orc wizard.

Vanquished Creatures
  A ghost moth (D)
  A lindwurm (D)
  A deep elf zephyrmancer (D)
  A manticore (D)
  A cyclops (D)
  A cane toad (D)
  A komodo dragon (D)
  A guardian mummy (D)
  A polar bear (D)
  A troll (D)
  Grinder (D)
  A small abomination (D)
  A water moccasin (D)
  2 orc warriors (D)
  6 wolves (D)
  A kobold brigand (D)
  3 scorpions (D)
  A gnoll sergeant (D)
  A jelly (D)
  An orc priest (D)
  A gnoll shaman (D)
  2 iron imps (D)
  Terence (D)
  2 orc wizards (D)
  A hell rat (D)
  A mummy (D)
  7 gnolls (D)
  2 adders (D)
  A white imp (D)
  A worm (D)
  2 orcs (D)
  A hobgoblin (D)
  2 quokkas (D)
  2 frilled lizards (D)
  A kobold (D)
  A rat (D)
56 creatures vanquished.

Vanquished Creatures (others)
  A two-headed ogre (D)
  A swamp drake (D)
  A scorpion (D)
3 creatures vanquished.

Grand Total: 59 creatures vanquished

Notes
Turn   | Place    | Note
-------+----------+-------------------------------------------
     0 | D        | MikeHunt the Merfolk Gladiator began the quest for the Orb.
     0 | D        | Reached XP level 1. HP: 16/16 MP: 1/1
    12 | D        | Reached skill level 5 in Polearms
    16 | D        | Found a bloodstained altar of Trog.
    16 | D        | Found a shimmering blue altar of Sif Muna.
    16 | D        | Found a viscous altar of Jiyva.
    16 | D        | Found a hazy altar of Hepliaklqana.
    16 | D        | Found an opulent altar of Gozag.
    17 | D        | Found a glowing golden altar of the Shining One.
    17 | D        | Found a glowing silver altar of Zin.
    17 | D        | Found a basalt altar of Yredelemnul.
    17 | D        | Found a shimmering altar of Xom.
    17 | D        | Found an ornate altar of the Wu Jian Council.
    17 | D        | Found a sacrificial altar of Ru.
    17 | D        | Found a stormy altar of Qazlal.
    17 | D        | Found an iron altar of Okawaru.
    17 | D        | Found a sparkling altar of Nemelex Xobeh.
    17 | D        | Found a burning altar of Makhleb.
    17 | D        | Found a blossoming altar of Fedhas.
    17 | D        | Found a white marble altar of Elyvilon.
    17 | D        | Found a shadowy altar of Dithmenos.
    17 | D        | Found a snail-covered altar of Cheibriados.
    18 | D        | Found a radiant altar of Vehumet.
    18 | D        | Found a corrupted altar of Lugonu.
    19 | D        | Found a hide-covered altar of Uskayaw.
    19 | D        | Found an ancient bone altar of Kikubaaqudgha.
    19 | D        | Found a broken altar of Ashenzari.
    23 | D        | Became a worshipper of Warmaster Okawaru
    63 | D        | Reached XP level 2. HP: 16/22 MP: 2/2
   202 | D        | Noticed a scorpion
   212 | D        | Killed a scorpion
   213 | D        | Reached XP level 3. HP: 27/27 MP: 3/3
   213 | D        | Reached XP level 4. HP: 33/33 MP: 4/4
   258 | D        | Noticed a scorpion
   258 | D        | Noticed a scorpion
   266 | D        | Killed a scorpion
   267 | D        | Reached XP level 5. HP: 31/39 MP: 5/5
   272 | D        | Reached skill level 5 in Dodging
   273 | D        | Reached skill level 6 in Dodging
   273 | D        | Reached XP level 6. HP: 35/49 MP: 5/8
   509 | D        | Reached * piety under Okawaru
   510 | D        | Reached skill level 5 in Fighting
   510 | D        | Reached skill level 1 in Armour
   517 | D        | Reached skill level 7 in Dodging
   520 | D        | Noticed a water moccasin
   521 | D        | Noticed Terence
   530 | D        | Reached skill level 5 in Invocations
   533 | D        | Killed a water moccasin
   533 | D        | Noticed an orc warrior
   534 | D        | Reached skill level 8 in Dodging
   534 | D        | Reached XP level 7. HP: 46/59 MP: 7/11
   553 | D        | Reached skill level 9 in Dodging
   554 | D        | Killed Terence
   554 | D        | Reached ** piety under Okawaru
   696 | D        | Noticed a polar bear
   706 | D        | Killed a polar bear
   707 | D        | Reached skill level 10 in Dodging
   709 | D        | Noticed Grinder
   723 | D        | Killed Grinder
   724 | D        | Reached XP level 8. HP: 54/69 MP: 13/13
   732 | D        | Noticed a guardian mummy
   732 | D        | Noticed a cane toad
   744 | D        | Killed a cane toad
   745 | D        | Reached skill level 5 in Armour
   757 | D        | Killed a guardian mummy
   757 | D        | Reached *** piety under Okawaru
   758 | D        | Reached skill level 11 in Dodging
  1057 | D        | Noticed a troll
  1063 | D        | Reached skill level 5 in Shields
  1068 | D        | Killed a troll
  1069 | D        | Reached XP level 9. HP: 78/78 MP: 12/16
  1078 | D        | Reached **** piety under Okawaru
  1082 | D        | Reached skill level 10 in Fighting
  1082 | D        | Reached skill level 12 in Dodging
  1101 | D        | Noticed Sonja
  1376 | D        | Reached skill level 10 in Invocations
  1376 | D        | Noticed a manticore
  1401 | D        | Killed a manticore
  1402 | D        | Reached skill level 13 in Dodging
  1697 | D        | Noticed a deep elf zephyrmancer
  1719 | D        | Killed a deep elf zephyrmancer
  1728 | D        | Reached ***** piety under Okawaru
  1729 | D        | Noticed a cyclops
  1729 | D        | HP: 2/81 [cyclops/large rock (24)]
  1742 | D        | Killed a cyclops
  1742 | D        | Received a gift from Okawaru
  1743 | D        | Reached XP level 10. HP: 63/89 MP: 17/17
  1862 | D        | Noticed a lindwurm
  1862 | D        | Noticed a two-headed ogre
  1873 | D        | Killed a lindwurm
  1874 | D        | Reached skill level 14 in Dodging
  1892 | D        | Killed a two-headed ogre
  1905 | D        | Killed a ghost moth
  1906 | D        | Reached skill level 15 in Dodging
  1914 | D        | Received a gift from Okawaru
  1915 | D        | Noticed a deep troll
  1927 | D        | Slain by a deep troll

Illustrated notes

Levels and vault maps discovered:
D:        pitsprint [storerooms_1, entrance_room_1, metal_vault_8, armoury_2,
          mini_pit_1, grid_room_1, main_hall_1, silver_pit, the_coven_3,
          the_vestibule_1, steel_vault_1, golden_pit, hallway_of_sentries,
          crystal_vault_5, iron_vault_3, final_vault]

Skill      XL: |  1  2  3  4  5  6  7  8  9 10 |
---------------+-------------------------------+-----
Polearms       | 7 11 14 | 14.0
Fighting       | 4 6 8 9 11 13 | 13.2
Dodging        | 6 8 10 11 13 15 | 15.7
Invocations    | 3 6 7 9 10 | 10.0
Armour         | 2 4 5 7 9 |  9.1
Shields        | 3 5 |  5.0
Throwing       | |  2.0

Action                   |  1- 3 |  4- 6 |  7- 9 | 10-12 || total
-------------------------+-------+-------+-------+-------++-------
Melee: Trident           |    19 |    35 |   177 |    42 ||   273
Invok: Heroism           |       |     1 |     5 |     1 ||     7
       Finesse           |       |       |       |     1 ||     1
  Use: Potion            |     1 |     2 |    10 |    10 ||    23
       Scroll            |       |       |       |     1 ||     1
 Stab: Invisible         |       |     5 |     1 |       ||     6
Armor: Leather armour    |     5 |     1 |       |       ||     6
       Ring mail         |       |     2 |    28 |       ||    30
       Chain mail        |       |       |     1 |    34 ||    35
Dodge: Dodged            |     7 |    12 |   102 |    47 ||   168
Block: Buckler           |       |       |    35 |    12 ||    47

Table legend: (Time is in decaauts)
 A = Elapsed time spent in this place.
 B = Non-inter-level travel time spent in this place.
 C = Inter-level travel time spent in this place.
 D = Time resting spent in this place.
 E = Time spent auto-exploring this place.
 F = Levels seen in this place.
 G = Mean time per level.
                   A        B        C        D        E       F      G
               +--------+--------+--------+--------+--------+-----+--------+
         Total |   1855 |   1758 |     97 |   1128 |      0 |   1 | 1855.0 |
       Dungeon |   1855 |   1758 |     97 |   1128 |      0 |   1 | 1855.0 |
               +--------+--------+--------+--------+--------+-----+--------+

Top non-repeatable levels by time:
       D: 1855 daAuts
